 Dungeon Crawl Stone Soup version 0.29-a0-1039-gfc20370e89 (webtiles) character file.

Game seed: 8826080762521415349

178 Ijustatesigmund the Magician (level 5, -5/28 HPs)
             Began as a Deep Elf Earth Elementalist on Aug 15, 2022.
             Killed by divine providence
             ... invoked by an orc priest
              (7 damage)
             ... on level 4 of the Dungeon.
             The game lasted 00:06:21 (3770 turns).

Ijustatesigmund the Magician (DEEE)                 Turns: 3770, Time: 00:06:23

Health: -5/28      AC:  8    Str:  5    XL:     5   Next: 32%
Magic:  7/14       EV: 13    Int: 22    God:
Gold:   83         SH:  0    Dex: 15    Spells: 4/14 levels left

rFire   . . .      SeeInvis .   c - +3 hand axe
rCold   . . .      Faith    .   (no shield)
rNeg    . . .      Spirit   .   a - +0 robe
rPois   .          Reflect  .   (no helmet)
rElec   .          Harm     .   k - +1 cloak
rCorr   .          Rampage  .   (no gloves)
Will    .....                   (no boots)
Stlth   ++........              (no amulet)
HPRegen 0.09/turn               m - +4 ring of protection
MPRegen 0.14/turn               (no ring)

@: studying Conjurations
A: no striking features
a: no special abilities


You were on level 4 of the Dungeon.
You visited 1 branch of the dungeon, and saw 4 of its levels.

You collected 161 gold pieces.
You spent 78 gold pieces at shops.

Inventory:

Hand Weapons
 c - a +3 hand axe (weapon)
Armour
 a - a +0 robe (worn)
 k - a +1 cloak (worn)
Jewellery
 m - a +4 ring of protection (left hand)
Scrolls
 f - 2 scrolls of magic mapping {unknown}
 g - a scroll of blinking {unknown}
 h - a scroll of butterflies {unknown}
 i - a scroll of poison {unknown}
 l - 3 scrolls of enchant armour
 n - a scroll of noise {unknown}
 o - 3 scrolls of immolation {unknown}
 p - a scroll of teleportation {unknown}
Potions
 b - a potion of magic
 d - 2 potions of attraction
 e - a potion of might {unknown}
 j - a potion of flight {unknown}
 q - a potion of haste {unknown}


   Skills:
 + Level 3.2 Dodging
 - Level 2.4 Stealth
 + Level 5.3 Spellcasting
 + Level 3.1 Conjurations
 + Level 0.7 Necromancy
 - Level 1.1 Transmutations
 - Level 4.0 Earth Magic


You had 4 spell levels left.
You knew the following spells:

 Your Spells              Type           Power      Damage    Failure   Level
a - Sandblast             Erth           46%        2d11      1%          1
b - Stone Arrow           Conj/Erth      42%        3d9       7%          3
c - Passwall              Tmut/Erth      14%        N/A       4%          2
d - Dispel Undead         Necr           9%         3d8       58%         4

Your spell library contained the following spells:

 Spells                   Type           Power      Damage    Failure   Level
 Static Discharge         Conj/Air       12%        3-5/arc   8%          2
 Poisonous Vapours        Pois/Air       10%        N/A       14%         2
 Petrify                  Tmut/Erth      17%        N/A       32%         4
 Sticky Flame             Conj/Fire      12%        2d4       45%         4
 Corpse Rot               Necr/Pois/Air  6%         N/A       65%         4


Dungeon Overview and Level Annotations

Branches:
Dungeon (4/15)
 Temple: D:4-7

Altars:
Makhleb

Shops:
D:2 *   D:4 ?


Message History

The orc priest is lightly wounded.
The orc priest invokes the aid of Beogh against you.
Pain shoots through your body!
Casting: Sandblast (safe; 1% risk of failure)
Confirm with . or Enter, or press ? or * to list all spells.
The spell is quite dangerous to miscast (7% risk of failure)!
Continue anyway? [Y]es or [N]o only, please.
The spell is quite dangerous to miscast (7% risk of failure)!
Continue anyway?
Aiming: Stone Arrow (quite dangerous; 7% risk of failure)
Press: ? - help, Shift-Dir - straight line, f/p - orc priest
Aim: an orc priest, wielding a +0 flail and wearing a +0 ring mail (lightly wounded, 75% to hit)
The stone arrow hits the orc priest!
The orc priest is severely wounded.
The orc priest mumbles some strange prayers to Beogh against you.
You struggle to resist.
Casting: Stone Arrow (quite dangerous; 7% risk of failure)
Confirm with . or Enter, or press ? or * to list all spells.
Aiming: Sandblast (safe; 1% risk of failure)
Press: ? - help, Shift-Dir - straight line, f/p - orc priest
Aim: an orc priest, wielding a +0 flail and wearing a +0 ring mail (severely wounded, 85% to hit)
The blast of sand hits the orc priest but does no damage.
The orc priest is severely wounded.
The orc priest looks braver for a moment.
You closely miss the orc priest.
The orc priest is severely wounded.
The orc priest hits you but does no damage.
Casting: Sandblast (safe; 1% risk of failure)
Confirm with . or Enter, or press ? or * to list all spells.
Aiming: Sandblast (safe; 1% risk of failure)
Press: ? - help, Shift-Dir - straight line, f/p - orc priest
Aim: an orc priest, wielding a +0 flail and wearing a +0 ring mail (severely wounded, 85% to hit)
The blast of sand hits the orc priest.
The orc priest is almost dead.
The orc priest invokes the aid of Beogh against you.
Beogh smites you!
Ouch! That really hurt!
* * * LOW HITPOINT WARNING * * *
The orc priest calls down the wrath of Beogh upon you.
Beogh smites you!
You die...

#..# #..# .# #..# .#
###..## .. #.....##.
## #o# #####.###.#..
.. .. o #.....# #.#.#
.... .. #.#######.#o#
.♣. .♣ #.##<##...#@#
.. .. #.#...##.##.#
.♣.♣.♣.
#.#.8.##.##.##....∩..
#.#...##.......♣.♣.
#(##.###........⌠...⌠
#.##)########..♣.♣.♣.
#.#.).##...##....(.
#...8....8.<#.......#
###...##...##.#######


You could see an orc priest.

Vanquished Creatures
  2 orc wizards (D:4)
  2 adders
  3 worms
  3 dart slugs
  15 orcs
  8 ball pythons
  2 endoplasms
  3 giant cockroaches
  8 goblins
  8 hobgoblins
  2 jackals (D:1)
  3 quokkas
  7 bats
  3 frilled lizards
  6 kobolds
  2 rats
77 creatures vanquished.

Notes
Turn   | Place    | Note
-------+----------+-------------------------------------------
     0 | D:1      | Ijustatesigmund the Deep Elf Earth Elementalist began the
                  | quest for the Orb.
     0 | D:1      | Reached XP level 1. HP: 10/10 MP: 6/6
   125 | D:1      | Reached XP level 2. HP: 13/15 MP: 4/8
   591 | D:1      | Found a faded altar of an unknown god.
   651 | D:1      | Reached skill level 4 in Spellcasting
   801 | D:1      | Reached XP level 3. HP: 19/19 MP: 7/10
  1088 | D:1      | Learned a level 3 spell: Stone Arrow
  1091 | D:1      | Learned a level 2 spell: Passwall
  1112 | D:2      | Found Uruil's Assorted Antiques.
  1146 | D:2      | Bought a scroll labelled ALUUSAKURU for 27 gold pieces
  1146 | D:2      | Bought a lumpy brown potion for 24 gold pieces
  1146 | D:2      | Bought a scroll labelled ALUUSAKURU for 27 gold pieces
  1601 | D:2      | Reached skill level 1 in Conjurations
  2044 | D:2      | Reached XP level 4. HP: 24/24 MP: 10/12
  2429 | D:3      | Found a burning altar of Makhleb.
  2429 | D:3      | Noticed a green death
  2707 | D:2      | Reached skill level 5 in Spellcasting
  3424 | D:3      | Noticed a neqoxec
  3424 | D:3      | Noticed a ynoxinul
  3472 | D:4      | Reached XP level 5. HP: 18/28 MP: 7/14
  3478 | D:4      | Learned a level 4 spell: Dispel Undead
  3740 | D:4      | Found Huon Huwk's Magic Scroll Shoppe.
  3770 | D:4      | Killed from afar by an orc priest

Illustrated notes

Levels and vault maps discovered:
D:1:      reono_arrival_mine, layout_basic, shapermc_ecumenical_altar_pompeii,
          serial_curves, eino_curves_03, eino_curves_04,
          amcnicky_mini_pool_small, hangedman_decor_growths, minmay_tetromino_o2
D:2:      layout_loops_ring, serial_shops, nicolae_shop_window_shopping,
          chequers_serial_rivers_micro_b, minmay_cupped
D:3:      layout_loops_cross, makhleb_altar_promises_db, uniq_robin
D:4:      layout_loops_ring, dk_noncrumbling_3, chequers_mini_garden,
          minmay_shop_grid_forest, grunt_ministairs_5

Skill      XL: |  1  2  3  4  5 |
---------------+----------------+-----
Spellcasting   | 4 5 |  5.3
Earth Magic    | 4 |  4.0
Conjurations   | 1 2 3 |  3.1
Dodging        | 3 |  3.2
Stealth        | |  2.4
Necromancy     | |  0.7
Transmutations | |  1.1

Action                   |  1- 3 |  4- 6 || total
-------------------------+-------+-------++-------
Melee: Whip              |    21 |       ||    21
       Hand axe          |       |     3 ||     3
 Cast: Sandblast         |    62 |    52 ||   114
       Stone Arrow       |       |     2 ||     2
  Use: Scroll            |     2 |       ||     2
Armor: Robe              |    21 |     7 ||    28
Dodge: Dodged            |    49 |    14 ||    63

Table legend: (Time is in decaauts)
 A = Elapsed time spent in this place.
 B = Non-inter-level travel time spent in this place.
 C = Inter-level travel time spent in this place.
 D = Time resting spent in this place.
 E = Time spent auto-exploring this place.
 F = Levels seen in this place.
 G = Mean time per level.
                   A        B        C        D        E       F      G
               +--------+--------+--------+--------+--------+-----+--------+
         Total |   3886 |   3819 |     67 |    828 |   2502 |   4 |  971.5 |
       Dungeon |   3886 |   3819 |     67 |    828 |   2502 |   4 |  971.5 |
               +--------+--------+--------+--------+--------+-----+--------+

Top non-repeatable levels by time:
     D:2: 1421 daAuts
     D:1: 1139 daAuts
     D:3: 996 daAuts
     D:4: 329 daAuts
